 Dungeon Crawl Stone Soup version 0.24.0-37-gcf1ca852f1 (webtiles) character file.

Game seed: 9030868104630156742, levelgen mode: deterministic

1206 lepoulpe303 the Cleaver (level 8, -3/73 HPs)
             Began as a Hill Orc Monk on Nov 25, 2019.
             Killed from afar by an orc wizard (13 damage)
             ... with a puff of flame
             ... on level 6 of the Dungeon.
             The game lasted 00:15:40 (5547 turns).

lepoulpe303 the Cleaver (Hill Orc Monk)             Turns: 5547, Time: 00:15:41

Health: -3/73      AC: 17    Str: 16    XL:     8   Next: 45%
Magic:  8/8        EV:  6    Int: 10    God:
Gold:   270        SH:  8    Dex: 15    Spells: 7/7 levels left

rFire    x . .     SeeInvis .   a - +0 war axe
rCold    + . .     Gourm    .   v - +0 shield
rNeg     . . .     Faith    .   u - +5 chain mail of Lezell {rPois Dex+2}
rPois    +         Spirit   .   x - +2 helmet
rElec    .         Reflect  .   (no cloak)
rCorr    +         Harm     .   (no gloves)
MR       .....                  (no boots)
Stlth    ..........             q - amulet of the acrobat
HPRegen  0.22/turn              C - ring of resist corrosion
MPRegen  0.11/turn              A - ring of ice {rC+, rF-}

@: lightly drained
A: no striking features
a: Convert to Beogh


You were on level 6 of the Dungeon.
You were hungry.

You visited 1 branch of the dungeon, and saw 6 of its levels.

You collected 270 gold pieces.

Inventory:

Hand Weapons
 a - a +0 war axe (weapon)
Missiles
 r - 10 boomerangs (quivered)
Armour
 c - a +0 scale mail
 m - a +0 chain mail
 u - the +5 chain mail of Lezell (worn) {rPois Dex+2}
   (You found it on level 5 of the Dungeon)

   It affects your dexterity (+2).
   It protects you from poison.
 v - a +0 shield (worn)
 x - a +2 helmet (worn)
Jewellery
 q - an amulet of the acrobat (around neck)
 s - an uncursed ring of fire {rF+, rC-}
 A - a ring of ice (right hand) {rC+, rF-}
 C - a ring of resist corrosion (left hand)
Wands
 F - a wand of disintegration (16)
Scrolls
 g - 2 scrolls of fear
 i - 5 scrolls of identify
 j - a scroll of amnesia
 k - a scroll of fog {unknown}
 l - a scroll of enchant weapon {unknown}
 o - a scroll of enchant armour {unknown}
 t - a scroll of blinking {unknown}
 w - 2 scrolls of remove curse
 D - a scroll of noise {unknown}
 E - a scroll of teleportation {unknown}
Potions
 b - a potion of might {unknown}
 f - a potion of berserk rage {unknown}
 h - a potion of brilliance {unknown}
 n - 2 potions of flight {unknown}
 p - 2 potions of curing {unknown}
 z - a potion of agility {unknown}
 B - a potion of resistance {unknown}
Comestibles
 d - 2 chunks of flesh
 e - 21 rations


   Skills:
 * Level 7.5(7.4) Fighting
 * Level 8.2(8.0) Axes
 + Level 3.9(3.8) Armour
 + Level 4.0(3.9) Dodging
 - Level 1.5(1.4) Stealth
 + Level 2.4(2.2) Shields


You had 7 spell levels left.
You didn't know any spells.
Your spell library contained the following spells:

 Spells                   Type           Power        Failure   Level  Hunger
 Summon Small Mammal      Summ           #...         100%        1    ##.....
 Call Imp                 Summ           #.......     100%        2    ###....
 Call Canine Familiar     Summ           #.......     100%        3    ####...
 Summon Guardian Golem    Hex/Summ       #.......     100%        3    ####...
 Summon Ice Beast         Ice/Summ       #.......     100%        4    #####..
 Summon Lightning Spire   Summ/Air       #.......     100%        4    #####..


Dungeon Overview and Level Annotations

Branches:
Dungeon (6/15)
 Temple: D:4-7

Altars:
Sif Muna
The Shining One

Shops:
D:4 *


Message History

The orc priest calls down the wrath of Beogh upon you.
You block the gnoll's attack.
You hit something. Something hits you but does no damage.
You block the gnoll's attack. Something hits you but does no damage.
You slash something! Something hits you but does no damage.
The gnoll hits you from afar with a +0 spear.
* * * LOW HITPOINT WARNING * * *
Something hits you but does no damage.
You take 2 damage, and have 21/73 hp.
You miss something. You block the gnoll's attack.
A wight comes into view. It is wielding a +0 long sword.
Something hits you but does no damage.
The orc priest invokes the aid of Beogh against you.
Beogh smites you!
* * * LOW HITPOINT WARNING * * *
The gnoll hits you but does no damage.
You hear some strange, mumbled words.
A puff of flame appears from out of thin air!
The puff of flame hits you! The fire burns you terribly!
You die...

#...........#
##.######.....# # #
#....# .......#
..#.##.#.## .#...#...#
....#...## .##........#
#.......###.#...#..#...
###.....)####......##..
#.....##..#...##...
###..#@##..#.........
#.....#)zo.....#.....
...#....#g#...........
.#.......##......#....
#...#.........#......
#......#.o.g.#).....>.
z...#......o..........
..###.............#...
................# .#


You could see 2 wights, an orc priest and a gnoll.

Levels and vault maps discovered:
D:1:      lemuel_arrival_cross, layout_basic, minmay_misc_feat_cross, tso_altar
D:2:      layout_basic
D:3:      layout_basic, lemuel_blue_sif_altar, first_ration,
          minmay_fractal_squares_5
D:4:      layout_rooms, serial_shops,
          nicolae_shop_temple_entry_statues_fountains
D:5:      layout_rooms
D:6:      layout_layer_cave, old_standard_altar, old_standard_altar

Notes
Turn   | Place    | Note
-------+----------+-------------------------------------------
     0 | D:1      | lepoulpe303 the Hill Orc Monk began the quest for the Orb.
     0 | D:1      | Reached XP level 1. HP: 19/19 MP: 1/1
    82 | D:1      | Identified a +0 dagger
    93 | D:1      | Reached XP level 2. HP: 22/27 MP: 2/2
   106 | D:1      | Identified a +0 dagger
   132 | D:1      | Identified a +0 ring mail (You found it on level 1 of the
                  | Dungeon)
   239 | D:1      | Reached skill level 4 in Fighting
   270 | D:1      | Identified a +0 club
   333 | D:1      | Identified a +0 club
   381 | D:1      | Reached XP level 3. HP: 26/33 MP: 3/3
   397 | D:1      | Found a glowing golden altar of the Shining One.
   594 | D:1      | Identified a +0 dagger
   690 | D:1      | Reached skill level 1 in Armour
   756 | D:1      | Identified a +0 short sword
   889 | D:2      | Identified a cursed -3 dagger
  1197 | D:2      | Reached XP level 4. HP: 33/41 MP: 4/4
  1208 | D:2      | Identified a +0 dagger
  1218 | D:2      | Reached skill level 5 in Axes
  1445 | D:2      | Identified a cursed +0 club
  1445 | D:2      | Identified a +0 hunting sling
  1445 | D:2      | Identified an uncursed amulet of the acrobat
  1675 | D:2      | Identified a +0 giant spiked club
  1675 | D:2      | Noticed an ogre
  1898 | D:2      | Identified 2 scrolls of identify
  1898 | D:2      | Identified a ring of fire (You found it on level 2 of the
                  | Dungeon)
  1937 | D:2      | Identified a +0 short sword
  2209 | D:3      | Identified a +0 whip
  2209 | D:3      | Identified a +0 ring mail
  2224 | D:3      | Identified a +0 scale mail (You found it on level 2 of the
                  | Dungeon)
  2225 | D:3      | Identified a +0 flail
  2225 | D:3      | Identified a +0 chain mail
  2225 | D:3      | Identified a +2 dagger of flaming
  2225 | D:3      | Identified a +0 robe
  2236 | D:3      | Reached skill level 3 in Dodging
  2236 | D:3      | Reached XP level 5. HP: 24/47 MP: 5/5
  2425 | D:3      | Found a shimmering blue altar of Sif Muna.
  2455 | D:3      | Identified a +0 club
  2455 | D:3      | Identified a +0 flail
  2455 | D:3      | Identified a +0 whip
  2455 | D:3      | Identified a +0 leather armour
  2469 | D:3      | Reached skill level 5 in Fighting
  2721 | D:3      | Identified a +2 helmet (You found it on level 3 of the
                  | Dungeon)
  2900 | D:3      | Identified a +0 club
  2978 | D:3      | Identified a +0 club
  2978 | D:3      | Identified a +0 dagger
  2978 | D:3      | Identified a +0 robe
  2978 | D:3      | Identified a +0 club
  2978 | D:3      | Identified a +0 dagger
  2980 | D:3      | Reached skill level 2 in Armour
  3106 | D:3      | Identified a +0 hand axe
  3106 | D:3      | Identified a +0 leather armour
  3106 | D:3      | Identified a +0 war axe
  3107 | D:3      | Identified a +0 mace
  3107 | D:3      | Identified a +0 leather armour
  3110 | D:3      | Identified a +0 club
  3127 | D:3      | Identified a cursed -4 ring of dexterity
  3131 | D:3      | Identified a +0 leather armour
  3131 | D:3      | Identified a +0 short sword
  3131 | D:3      | Identified a +0 leather armour
  3133 | D:3      | Identified a +0 flail
  3133 | D:3      | Identified a +0 flail
  3150 | D:3      | Reached XP level 6. HP: 56/56 MP: 6/6
  3162 | D:3      | Reached skill level 6 in Axes
  3202 | D:3      | Identified a +0 leather armour
  3205 | D:3      | Identified a cursed +0 club
  3205 | D:3      | Identified a +3 leather armour
  3493 | D:3      | Identified 3 scrolls of fear
  3494 | D:3      | Identified 2 scrolls of remove curse
  3495 | D:3      | Identified a ring of resist corrosion (You found it on
                  | level 3 of the Dungeon)
  3507 | D:3      | Identified a cursed +0 chain mail (You found it on level 3
                  | of the Dungeon)
  3576 | D:4      | Found Feqol's Assorted Antiques.
  3609 | D:4      | Identified a +0 dagger
  3609 | D:4      | Identified a +0 ring mail
  3610 | D:4      | Identified a +0 hand axe
  3610 | D:4      | Identified a +0 mace
  3610 | D:4      | Identified a +0 ring mail
  3610 | D:4      | Identified a +0 dagger
  3610 | D:4      | Identified a +0 robe
  3999 | D:4      | Identified a +0 dagger
  3999 | D:4      | Identified a +0 robe
  3999 | D:4      | Identified a +0 chain mail
  3999 | D:4      | Identified a +0 dagger
  3999 | D:4      | Identified a +0 robe
  4000 | D:4      | Identified a +0 dagger
  4014 | D:4      | Identified a +0 war axe
  4014 | D:4      | Identified a +0 leather armour
  4016 | D:4      | Identified a +0 club
  4018 | D:4      | Identified a +0 dagger
  4018 | D:4      | Identified a +0 robe
  4023 | D:4      | Reached skill level 6 in Fighting
  4024 | D:4      | Identified a +0 whip
  4040 | D:4      | Reached XP level 7. HP: 18/63 MP: 7/7
  4276 | D:4      | Identified a +0 shield (You found it on level 4 of the
                  | Dungeon)
  4490 | D:4      | Identified a ring of ice (You found it on level 4 of the
                  | Dungeon)
  4506 | D:4      | Reached skill level 3 in Armour
  4719 | D:5      | Entered Level 5 of the Dungeon
  4732 | D:5      | Reached skill level 7 in Axes
  4820 | D:5      | Reached skill level 1 in Shields
  4853 | D:5      | Identified a +0 dagger
  4853 | D:5      | Identified a +0 shortbow
  4854 | D:5      | Identified a +0 hand axe
  4854 | D:5      | Identified a cursed +0 mace
  4854 | D:5      | Identified a +0 ring mail
  4876 | D:5      | HP: 15/64 [centaur (7)]
  4881 | D:5      | HP: 14/64 [centaur (1)]
  5176 | D:5      | Got a spiked chain mail
  5188 | D:5      | Identified the +5 chain mail of Lezell {rPois Dex+2} (You
                  | found it on level 5 of the Dungeon)
  5275 | D:5      | Reached skill level 7 in Fighting
  5275 | D:5      | Reached XP level 8. HP: 58/73 MP: 8/8
  5285 | D:5      | Reached skill level 2 in Shields
  5438 | D:6      | Identified a +0 whip
  5500 | D:6      | Reached skill level 8 in Axes
  5504 | D:6      | Identified a +2 long sword
  5504 | D:6      | Identified a +0 robe
  5512 | D:6      | Identified a +0 long sword
  5512 | D:6      | Identified a +0 robe
  5513 | D:6      | Identified a +0 mace
  5513 | D:6      | Identified a +0 robe
  5515 | D:6      | Reached skill level 4 in Dodging
  5515 | D:6      | Identified a cursed +2 great sword of freezing
  5515 | D:6      | Identified a cursed +0 robe
  5522 | D:6      | Identified a +0 dagger
  5522 | D:6      | Identified a +0 ring mail
  5522 | D:6      | Identified a +0 spear
  5523 | D:6      | Identified a +0 whip
  5523 | D:6      | Identified a +0 dagger
  5523 | D:6      | Identified a +0 robe
  5526 | D:6      | Identified a +0 flail
  5526 | D:6      | Identified a +0 falchion
  5530 | D:6      | Identified 2 scrolls of amnesia
  5540 | D:6      | Identified a scroll of random uselessness
  5547 | D:6      | Identified a +0 long sword
  5547 | D:6      | Identified a +0 robe
  5547 | D:6      | HP: 10/73 [orc priest/divine providence (11)]
  5547 | D:6      | Killed from afar by an orc wizard

Table legend:
 A = Turns spent in this place as a percentage of turns spent in the entire game.
 B = Non-inter-level travel turns spent in this place as a percentage of non-inter-level travel turns spent in the entire game.
 C = Inter-level travel turns spent in this place as a percentage of turns spent in this place.
 D = Turns resting spent in this place as a percentage of non-inter-level travel turns spent in this place.
 E = Turns spent auto-exploring this place as a percentage of non-inter-level travel turns spent in this place.
 F = Non-inter-level travel turns spent in this place divided by the number of levels of this place that you've seen.
                   A       B       C       D       E      F
               +-------+-------+-------+-------+-------+----------------------
         Total | 100.0 | 100.0 |   3.9 |  34.3 |  39.6 | 888.7
       Dungeon | 100.0 | 100.0 |   3.9 |  34.3 |  39.6 | 888.7
               +-------+-------+-------+-------+-------+----------------------

Table legend:
 A = Kills in this place as a percentage of kills in entire the game.
 B = Kills by you in this place as a percentage of kills by you in the entire game.
 C = Kills by friends in this place as a percentage of kills by friends in the entire game.
 D = Other kills in this place as a percentage of other kills in the entire game.
 E = Experience gained in this place as a percentage of experience gained in the entire game.
 F = Experience gained in this place divided by the number of levels of this place that you have seen.
                   A       B       C       D       E      F
               +-------+-------+-------+-------+-------+----------------------
         Total | 100.0 | 100.0 |   N/A |   N/A | 100.0 | 287.3
       Dungeon | 100.0 | 100.0 |   N/A |   N/A | 100.0 | 287.3
               +-------+-------+-------+-------+-------+----------------------

Skill      XL: |  1  2  3  4  5  6  7  8 |
---------------+-------------------------+-----
Fighting       | 4 5 6 7 |  7.5
Armour         | 1 2 3 |  3.9
Axes           | 5 6 7 8 |  8.2
Dodging        | 3 4 |  4.0
Shields        | 1 2 |  2.4
Stealth        | |  1.5

Action                   |  1- 3 |  4- 6 |  7- 9 || total
-------------------------+-------+-------+-------++-------
Melee: Hand axe          |   132 |   135 |       ||   267
       War axe           |       |   103 |   156 ||   259
Throw: Boomerang         |       |    46 |    35 ||    81
  Use: Scroll            |       |     3 |     3 ||     6
 Stab: Sleeping          |     2 |       |       ||     2
  Eat: Chunk             |     1 |     9 |     5 ||    15
Armor: Robe              |     1 |       |       ||     1
       Ring mail         |    34 |    25 |       ||    59
       Scale mail        |       |    44 |       ||    44
       Chain mail        |       |    71 |   108 ||   179
Dodge: Dodged            |    73 |   163 |    25 ||   261
Block: Shield            |       |       |    59 ||    59

Vanquished Creatures
  2 ice beasts (D:5)
  A centaur (D:5)
  3 wights (D:6)
  A bullfrog zombie (D:6)
  A crimson imp (D:5)
  2 hounds
  A jelly (D:5)
  6 orc wizards
  A centaur skeleton (D:4)
  4 orc priests
  An iguana (D:4)
  3 worker ants
  11 adders
  An ooze (D:1)
  An adder skeleton (D:4)
  4 worms
  A dart slug (D:1)
  7 leopard geckos
  30 orcs
  4 ball pythons
  6 bats
  2 giant cockroaches
  7 goblins
  5 hobgoblins (D:1)
  7 jackals (D:2)
  3 quokkas
  7 frilled lizards
  A jackal skeleton (D:4)
  8 kobolds
  A leopard gecko skeleton (D:4)
  A quokka skeleton (D:4)
  6 rats
139 creatures vanquished.
